 Dungeon Crawl Stone Soup version 0.21-a0-578-gc6e9d75 (webtiles) character file.

8821 toffzen the Fighter (level 11, -6/127 HPs)
             Began as an Ogre Berserker on Dec 18, 2017.
             Was an Elder of Trog.
             Mangled by a komodo dragon (17 damage)
             ... on level 1 of the Lair of Beasts.
             The game lasted 00:39:27 (12618 turns).

toffzen the Fighter (Ogre Berserker)               Turns: 12618, Time: 00:39:28

Health: -6/127     AC: 16    Str: 23    XL:     11   Next: 36%
Magic:  11/11      EV: 14    Int:  8    God:    Trog [****..]
Gold:   749        SH:  0    Dex: 11    Spells: 10/10 levels left

rFire    + . .     SeeInvis .   a - +0 flail (protect)
rCold    . . .     Gourm    .   (no shield)
rNeg     . . .     Faith    .   b - +0 animal skin
rPois    .         Spirit   .   (helmet restricted)
rElec    .         Reflect  .   (no cloak)
rCorr    .         Harm     .   (gloves unavailable)
MR       +....                  (boots unavailable)
Stlth    +.........             (no amulet)
HPRegen  0.31/turn              w - ring of protection from fire
MPRegen  0.12/turn              f - +6 ring of protection

@: protection aura, berserk cooldown, slowed, very slow
A: large, unfitting armour, tough skin 1
a: Berserk, Trog's Hand, Brothers in Arms, Burn Spellbooks, Renounce Religion


You were on level 1 of the Lair of Beasts.
You worshipped Trog.
Trog was greatly pleased with you.
You were near starving.

You visited 2 branches of the dungeon, and saw 11 of its levels.
You also visited: Bailey.

You collected 1179 gold pieces.
You spent 430 gold pieces at shops.

Inventory:

Hand Weapons
 a - a +0 flail of protection (weapon)
 u - a +0 hunting sling
 D - a +0 giant club
Missiles
 e - 19 sling bullets
 g - 308 stones (quivered)
 y - 29 poisoned needles
 P - 6 throwing nets
Armour
 b - a +0 animal skin (worn)
Jewellery
 f - a +6 ring of protection (right hand)
 l - an uncursed ring of see invisible
 p - a +2 ring of intelligence
 w - a ring of protection from fire (left hand)
 z - an uncursed ring of protection from fire
 N - an uncursed ring of protection from cold
 T - an uncursed ring of magical power
Wands
 G - a wand of polymorph (19)
 J - a wand of disintegration (14)
 S - a wand of paralysis (11)
Scrolls
 h - a scroll of immolation {unknown}
 i - 3 scrolls of random uselessness
 j - 8 scrolls of remove curse
 m - 2 scrolls of blinking
 r - 3 scrolls of enchant armour {unknown}
 s - 5 scrolls of teleportation
 t - 6 scrolls of amnesia
 x - 2 scrolls of enchant weapon {unknown}
 A - a scroll of fear {unknown}
 F - a scroll of fog {unknown}
 K - a scroll of vulnerability {unknown}
 L - 3 scrolls of identify
 O - a scroll of silence {unknown}
 Q - 3 scrolls of magic mapping {unknown}
Potions
 d - a potion of flight
 k - 4 potions of degeneration
 n - a potion of invisibility {unknown}
 o - 2 potions of cancellation
 q - 3 potions of curing
 v - 3 potions of agility
 B - 2 potions of mutation {unknown}
 C - 3 potions of brilliance
 E - 2 potions of might
 H - 2 potions of berserk rage
 I - 2 potions of haste
 M - 3 potions of lignification {unknown}
Miscellaneous
 R - a box of beasts
Comestibles
 c - 20 rations
 U - 3 chunks of flesh


   Skills:
 + Level 13.2 Fighting
 + Level 9.7 Maces & Flails
 + Level 9.6 Dodging


You had 10 spell levels left.
You didn't know any spells.

Dungeon Overview and Level Annotations

Branches:
Dungeon (10/15)            Temple (0/1) D:7            Lair (1/6) D:10
    Orc: D:9-12

Altars:
Ashenzari
Gozag
Kikubaaqudgha
Nemelex Xobeh
Okawaru
Sif Muna
Trog
Uskayaw
Vehumet
Xom
The Shining One

Shops:
D:7 !   D:8 !   D:9 *


Innate Abilities, Weirdness & Mutations

You are too large for most types of armour.
You have tough skin. (AC +1)


Message History

The komodo dragon closely misses you.
Unknown command.
You hit the komodo dragon but do no damage.
The komodo dragon is almost dead.
The komodo dragon misses you. The komodo dragon barely misses you.
Unknown command.
You hit the komodo dragon but do no damage.
The komodo dragon is almost dead.
The komodo dragon bites you.
* * * LOW HITPOINT WARNING * * *
Unknown command.
You barely miss the komodo dragon.
The komodo dragon is almost dead.
The komodo dragon bites you!!
* * * LOW HITPOINT WARNING * * *
Unknown command.
You hit the komodo dragon.
The komodo dragon is almost dead.
The komodo dragon bites you!
You die...

#.... #....# .. #....# . #....# .
.## .....###### #.# ...
#....##.#.###.#### ..#
#................. ...#
#.....#.##...#.######...#
#....#####.#....@.....#.# #....#
#..#....l.......# ...รท.#
##.#..........#$P #....##
##..............# ..
#....P##PP.###.#.P$.#.#.# #.
#................P......# ##.
#.......................# ..
#.......................# # #.
#....##.###...#.####....#.###.##.


You could see a komodo dragon.

Vanquished Creatures
  A hydra (Lair:1)
  2 two-headed ogres
  The ghost of Nirn the Cleaver, a novice DsGl of Makhleb (D:7)
  2 hippogriffs
  3 wyverns
  A hungry ghost (D:9)
  3 wargs (D:10)
  Grum (D:9)
  A phantom (D:9)
  An ice beast (D:9)
  2 orc warriors
  2 sky beasts
  4 ogres
  4 wolves (D:9)
  3 centaurs
  The ghost of p0werm0de the Skirmisher, an amateur OpAM (D:3)
  8 bullfrogs
  8 gnoll sergeants (Bailey)
  4 scorpions
  A water moccasin skeleton (D:9)
  8 wights (D:9)
  3 howler monkeys
  A bullfrog zombie (D:7)
  2 crimson imps
  3 bullfrog skeletons
  3 hounds
  A jelly (D:8)
  6 gnoll shamans (Bailey)
  8 orc priests
  11 orc wizards
  6 worker ants
  Natasha (thrice) (D:2)
  5 iguanas
  A worker ant zombie (D:9)
  Robin (D:3)
  17 gnolls
  10 adders
  2 shadow imps
  2 oozes
  2 adder skeletons
  2 adder zombies
  3 worms
  A dart slug (D:1)
  3 leopard geckos
  34 orcs
  8 bats
  13 giant cockroaches
  17 goblins
  12 hobgoblins
  11 jackals
  5 quokkas
  4 ball pythons
  6 frilled lizards
  A jackal skeleton (D:6)
  10 kobolds
  2 leopard gecko skeletons (D:4)
  A quokka skeleton (D:4)
  9 rats
290 creatures vanquished.

Vanquished Creatures (others)
  2 plants (D:10)
2 creatures vanquished.

Grand Total: 292 creatures vanquished

Notes
Turn   | Place    | Note
-------+----------+-------------------------------------------
     0 | D:1      | toffzen the Ogre Berserker began the quest for the Orb.
     0 | D:1      | Reached XP level 1. HP: 24/24 MP: 1/1
   158 | D:1      | Reached XP level 2. HP: 21/32 MP: 2/2
   520 | D:1      | Reached ** piety under Trog
   608 | D:1      | Reached XP level 3. HP: 39/40 MP: 3/3
  1411 | D:2      | Noticed Natasha
  1416 | D:2      | Killed Natasha
  1416 | D:2      | Reached skill level 5 in Fighting
  1416 | D:2      | Reached XP level 4. HP: 50/50 MP: 4/4
  1441 | D:2      | Noticed Natasha
  1545 | D:2      | Killed Natasha
  1774 | D:2      | Reached XP level 5. HP: 56/57 MP: 5/5
  1784 | D:2      | Found a shimmering altar of Xom.
  2027 | D:2      | Noticed Natasha
  2034 | D:2      | Killed Natasha
  2087 | D:2      | Found a glowing golden altar of the Shining One.
  2087 | D:2      | Found an opulent altar of Gozag.
  2088 | D:2      | Found an iron altar of Okawaru.
  2203 | D:3      | Noticed Robin
  2325 | D:3      | Killed Robin
  2481 | D:3      | Found a radiant altar of Vehumet.
  2554 | D:3      | Found a bloodstained altar of Trog.
  2652 | D:3      | Reached *** piety under Trog
  2815 | D:3      | Reached XP level 6. HP: 67/67 MP: 6/6
  2824 | D:3      | Noticed p0werm0de's ghost (amateur OpAM)
  2829 | D:3      | Killed p0werm0de's ghost
  2829 | D:3      | Reached skill level 6 in Fighting
  3277 | D:3      | Found an ancient bone altar of Kikubaaqudgha.
  3281 | D:3      | Found a deep blue altar of Sif Muna.
  3286 | D:3      | Identified Kikubaaqudgha's Catalogue of Sinister Magic
  3787 | D:4      | Reached XP level 7. HP: 76/76 MP: 7/7
  4110 | D:4      | Found a sparkling altar of Nemelex Xobeh.
  4179 | D:4      | Found a shattered altar of Ashenzari.
  4273 | D:4      | Found a hide-covered altar of Uskayaw.
  4519 | D:4      | Reached skill level 7 in Fighting
  4568 | D:4      | Reached **** piety under Trog
  4928 | D:5      | Entered Level 5 of the Dungeon
  4979 | D:4      | Reached skill level 5 in Maces & Flails
  4979 | D:4      | Reached skill level 5 in Dodging
  5491 | D:5      | Reached XP level 8. HP: 88/88 MP: 8/8
  6092 | D:6      | Reached skill level 8 in Fighting
  6591 | D:6      | Found a sparkling altar of Nemelex Xobeh.
  6812 | D:7      | Noticed Nirn's ghost (novice DsGl)
  6833 | D:7      | Killed Nirn's ghost
  6833 | D:7      | Reached skill level 9 in Fighting
  6905 | D:7      | Found a staircase to the Ecumenical Temple.
  6905 | D:7      | Found Pomaarch's Distillery.
  6922 | D:7      | Reached XP level 9. HP: 93/98 MP: 9/9
  6926 | D:7      | Bought a potion of haste for 150 gold pieces
  7615 | D:8      | Reached skill level 10 in Fighting
  8173 | D:8      | Found Yhufrad's Distillery.
  8178 | D:8      | Bought a potion of heal wounds for 70 gold pieces
  8178 | D:8      | Bought a potion of heal wounds for 70 gold pieces
  8178 | D:8      | Bought a potion of haste for 140 gold pieces
  8317 | D:8      | Noticed a two-headed ogre
  8329 | D:8      | Killed a two-headed ogre
  8329 | D:8      | Reached XP level 10. HP: 83/111 MP: 10/10
  8691 | D:9      | Found Getwokos's Assorted Antiques.
  8700 | D:9      | Reached skill level 11 in Fighting
  8889 | D:9      | Noticed Grum
  8901 | D:9      | Killed Grum
  9162 | D:9      | Found a flagged portal.
  9240 | Bailey   | Entered a bailey
 10259 | D:9      | Reached skill level 12 in Fighting
 11166 | D:10     | Entered Level 10 of the Dungeon
 11367 | D:10     | Reached XP level 11. HP: 95/124 MP: 11/11
 11504 | D:10     | Found a staircase to the Lair.
 11648 | D:10     | Noticed a two-headed ogre
 12242 | D:10     | Killed a two-headed ogre
 12242 | D:10     | Reached skill level 13 in Fighting
 12497 | Lair:1   | Entered Level 1 of the Lair of Beasts
 12591 | Lair:1   | Noticed a five-headed hydra
 12603 | Lair:1   | Killed a five-headed hydra
 12618 | Lair:1   | Mangled by a komodo dragon

Vault maps used:
D:1:      dpeg_arrival_morbid_curiosity
D:2:      nicolae_overflow_hidden_temple, gammafunk_temple_overflow_forgotten,
          xom_butterflies, uniq_natasha
D:3:      grunt_temple_overflow_magic_moments, lightli_temple_of_fire,
          portal_sewer_entry_e, uniq_robin
D:4:      kennysheep_the_goblin_king, kennysheep_little_box,
          eat_drink_and_be_merry_uskayaw, kennysheep_mini, first_ration
D:6:      nemelex_dance_club_becter
D:7:      temple_fountains, serial_shops, nicolae_shop_statue_plus
D:8:      serial_shops, shop, kennysheep_generic_room_4
D:9:      serial_shops, shop, enter_bailey_2, uniq_grum
D:10:     erik_lair_orcish_takeover
Bailey:   bailey_polearm_gnolls_kennysheep, bailey

Skill      XL: |  1  2  3  4  5  6  7  8  9 10 11 |
---------------+----------------------------------+-----
Maces & Flails | 3 4 5 6 7 9 |  9.7
Dodging        | 3 4 5 6 7 9 |  9.6
Fighting       | 5 6 7 9 10 12 13 | 13.2

Action                   |  1- 3 |  4- 6 |  7- 9 | 10-12 || total
-------------------------+-------+-------+-------+-------++-------
Melee: Mace              |   121 |   105 |       |       ||   226
       Flail             |       |   107 |   375 |   538 ||  1020
Throw: Stone             |       |     4 |     7 |     5 ||    16
Invok: Berserk           |     3 |     5 |    10 |    12 ||    30
       Trog's Hand       |     1 |     1 |     1 |     9 ||    12
       Burn Spellbooks   |       |     1 |       |     1 ||     2
  Use: Scroll            |       |       |    12 |     5 ||    17
       Potion            |       |       |       |     8 ||     8
 Stab: Sleeping          |       |     1 |       |       ||     1
  Eat: Chunk             |     4 |    13 |    13 |    22 ||    52
       Ration            |       |       |     3 |     3 ||     6
Armor: Animal skin       |    46 |    89 |   186 |   238 ||   559
Dodge: Dodged            |    85 |   124 |   191 |   475 ||   875

Table legend:
 A = Spawn XP
 B = Non-spawn XP
 C = Spawn XP percentage of total XP
 D = Spawn monster count
 E = Non-spawn monster count
 F = Spawn count percentage of total count
 G = Total turns spent on level
                    A         B        C        D         E        F      G
               +---------+---------+-------+---------+---------+-------+---------
         Total |       0 |   12602 |   0.0 |       0 |     290 |   0.0 | 12618
               +---------+---------+-------+---------+---------+-------+---------
           D:1 |       0 |      53 |   0.0 |       0 |      32 |   0.0 |  1255
           D:2 |       0 |     176 |   0.0 |       0 |      30 |   0.0 |  1037
           D:3 |       0 |     314 |   0.0 |       0 |      34 |   0.0 |  1530
           D:4 |       0 |     304 |   0.0 |       0 |      28 |   0.0 |  1294
           D:5 |       0 |     380 |   0.0 |       0 |      16 |   0.0 |   758
           D:6 |       0 |     485 |   0.0 |       0 |      14 |   0.0 |   948
           D:7 |       0 |    1291 |   0.0 |       0 |      13 |   0.0 |   754
           D:8 |       0 |    1653 |   0.0 |       0 |      23 |   0.0 |  1115
           D:9 |       0 |    2808 |   0.0 |       0 |      40 |   0.0 |  1508
          D:10 |       0 |    2768 |   0.0 |       0 |      27 |   0.0 |  1331
        Lair:1 |       0 |    1142 |   0.0 |       0 |       3 |   0.0 |   121
        Bailey |       0 |    1228 |   0.0 |       0 |      30 |   0.0 |   967
               +---------+---------+-------+---------+---------+-------+---------
